[Event "December 19 Early 2023"]
[Site "https://www.chess.com"]
[Date "2023.12.19"]
[Round "1"]
[White "Sarkar, Justin"]
[Black "Manukian, Artak"]
[Result "1-0"]
[Board "180"]
[TimeControl "180+1"]
[WhiteFideId "2010011"]
[BlackFideId "13301373"]
[WhiteElo "2138"]
[BlackElo "2030"]
[WhiteTeam "USA"]
[BlackTeam "ARM"]
[WhiteClock "0:00:04"]
[BlackClock "0:00:24"]

1. d4 d5 2. c4 dxc4 3. e4 e5 4. Nf3 exd4 5. Qxd4 Bb4+ 6. Bd2 Bxd2+ 7. Nbxd2 Qxd4 8. Nxd4 a6 9. Nxc4 Nf6 10. f3 O-O 11. Be2 Rd8 12. O-O-O Nbd7 13. Nf5 g6 14. Ne7+ Kf8 15. Nxc8 Raxc8 16. e5 Nh5 17. Rd4 Nc5 18. Rhd1 Ke7 19. Rxd8 Rxd8 20. Rxd8 Kxd8 21. g3 Ng7 22. f4 h5 23. Kd2 Nf5 24. Bf3 c6 25. b4 Ne6 26. Be4 Ned4 27. Kd3 Kc7 28. Nd6 Kd7 29. Nxb7 Ne6 30. Bxf5 gxf5 31. Nc5+ Kc7 32. Nxa6+ Kb6 33. Nc5 Nc7 34. Kd4 Nd5 35. a3 h4 36. e6 fxe6 37. Nxe6 hxg3 38. hxg3 Ne7 39. Ng7 Kb5 40. Ke5 Ka4 41. Nxf5 Ng6+ 42. Kf6 Nf8 43. g4 Kxa3 44. Ne7 Nd7+ 45. Ke6 Nf8+ 46. Kf7 Nd7 47. Nxc6 Ka4 48. g5 Kb5 49. Ne5 Nb6 50. g6 Nc8 51. g7 Nd6+ 52. Kf8 Kxb4 53. g8=Q Kc5 54. Qe6 Ne4 55. Nd7+ Kd4 56. Qe5+ Kd3 57. Nc5+ Nxc5 58. Qxc5 Ke4 59. f5 Kf3 60. f6 Kg4 61. f7 Kh4 62. Kg7 Kg4 63. f8=R 1-0

[Event "December 19 Early 2023"]
[Site "https://www.chess.com"]
[Date "2023.12.19"]
[Round "1"]
[White "Thorfinnsson, Bragi"]
[Black "Rodriguez Santiago, Jaime"]
[Result "1-0"]
[Board "181"]
[TimeControl "180+1"]
[WhiteFideId "2300958"]
[BlackFideId "3100898"]
[WhiteElo "2325"]
[BlackElo "2025"]
[WhiteTeam "ISL"]
[BlackTeam "PUR"]
[WhiteClock "0:00:35"]
[BlackClock "0:00:19"]

1. e4 c6 2. d4 d5 3. exd5 cxd5 4. Nf3 Nc6 5. Ne5 Nxe5 6. dxe5 a6 7. Bd3 g6 8. O-O Bg7 9. Re1 e6 10. Nd2 Ne7 11. Nf3 h6 12. b3 O-O 13. a4 b6 14. Ba3 Re8 15. Qe2 Bb7 16. Rad1 Nc6 17. h4 b5 18. h5 g5 19. axb5 axb5 20. Bd6 f5 21. exf6 Qxd6 22. fxg7 Kxg7 23. Bxb5 g4 24. Ne5 Nxe5 25. Bxe8 Rxe8 26. Qxe5+ Qxe5 27. Rxe5 Kf6 28. Rde1 Bc8 29. Rxd5 1-0

[Event "December 19 Early 2023"]
[Site "https://www.chess.com"]
[Date "2023.12.19"]
[Round "1"]
[White "Petrukhina, Olga"]
[Black "Burovic, Rijad"]
[Result "0-1"]
[Board "182"]
[TimeControl "180+1"]
[WhiteFideId "13703935"]
[BlackFideId "14407701"]
[WhiteElo "1991"]
[BlackElo "2384"]
[WhiteTeam "KAZ"]
[BlackTeam "BIH"]
[WhiteClock "0:00:00"]
[BlackClock "0:00:02"]

1. d4 d6 2. Nf3 g6 3. c4 Bg7 4. Nc3 Nd7 5. Bg5 f6 6. Bh4 e5 7. e3 Nh6 8. dxe5 dxe5 9. Qd5 c6 10. Qe6+ Qe7 11. Qxe7+ Kxe7 12. h3 Nf7 13. O-O-O g5 14. Bg3 f5 15. Re1 h6 16. Nd2 Re8 17. h4 Kf8 18. hxg5 hxg5 19. f3 a5 20. Bf2 a4 21. Bd3 Nc5 22. Bc2 a3 23. b4 Na6 24. b5 Nb4 25. e4 Nxc2 26. Kxc2 f4 27. Bc5+ Kg8 28. Kb3 Bf8 29. Bxf8 Kxf8 30. Ndb1 Be6 31. Rd1 Red8 32. Nxa3 Rxd1 33. Rxd1 Ke7 34. Kb4 Rh8 35. Rd2 g4 36. Na4 gxf3 37. gxf3 Ng5 38. Nc5 Nxf3 39. Rg2 Ne1 40. Rg7+ Kf6 41. Rxb7 f3 42. Nxe6 Kxe6 43. bxc6 f2 44. c7 f1=Q 45. Rb8 Nd3+ 46. Kb5 Qf8 0-1

[Event "December 19 Early 2023"]
[Site "https://www.chess.com"]
[Date "2023.12.19"]
[Round "1"]
[White "Hajiyev, Kanan"]
[Black "San Thit Lwin"]
[Result "1-0"]
[Board "183"]
[TimeControl "180+1"]
[WhiteFideId "13404148"]
[BlackFideId "13001272"]
[WhiteElo "2102"]
[BlackElo "2232"]
[WhiteTeam "AZE"]
[BlackTeam "MYA"]
[WhiteClock "0:00:56"]
[BlackClock "0:00:11"]

1. d4 Nf6 2. Nf3 c5 3. e3 d5 4. Be2 Nc6 5. O-O Bf5 6. b3 e6 7. Bb2 Bd6 8. dxc5 Bxc5 9. c4 O-O 10. Nc3 dxc4 11. Bxc4 a6 12. Qxd8 Rfxd8 13. Rfd1 b5 14. Be2 Rac8 15. Rxd8+ Rxd8 16. Rd1 Rxd1+ 17. Bxd1 Kf8 18. Kf1 Ke7 19. Nh4 Bd3+ 20. Be2 Bc2 21. Nf3 h6 22. Ne1 Bg6 23. Nd3 Bb6 24. Nf4 Bc2 25. Ke1 g5 26. Nd3 Kd6 27. Nxb5+ axb5 28. Bxf6 e5 29. Bg7 Ba5+ 30. Kf1 e4 31. Bf8+ Kd5 32. Nc5 Nb4 33. Nb7 Nxa2 34. Nxa5 Bxb3 35. Nxb3 Nc3 36. Bb4 1-0

[Event "December 19 Early 2023"]
[Site "https://www.chess.com"]
[Date "2023.12.19"]
[Round "1"]
[White "Blokhin, Sofia"]
[Black "Saravana, Krishnan P."]
[Result "0-1"]
[Board "184"]
[TimeControl "180+1"]
[WhiteFideId "4508190"]
[BlackFideId "5018382"]
[WhiteElo "1916"]
[BlackElo "2167"]
[WhiteTeam "EST"]
[BlackTeam "IND"]
[WhiteClock "0:00:01"]
[BlackClock "0:00:39"]

1. d4 Nf6 2. c4 e6 3. a3 c5 4. d5 exd5 5. cxd5 d6 6. Nc3 g6 7. e4 Bg7 8. Bf4 O-O 9. h3 Re8 10. Bd3 c4 11. Bc2 Na6 12. Nge2 Nc5 13. f3 Nh5 14. Be3 f5 15. Bxc5 dxc5 16. O-O f4 17. Ba4 Rf8 18. Bb5 Qg5 19. Kh2 Ng3 20. Re1 Kh8 21. Bxc4 Be5 22. Rc1 Bd7 23. Bb5 Bxb5 24. Nxb5 Nxe4 25. Nec3 Qg3+ 26. Kg1 Ng5 27. Ne4 Nxh3+ 28. Kh1 Qh4 29. gxh3 Qxh3+ 30. Kg1 Rf5 31. Qe2 Rh5 32. Qg2 Qf5 33. Nbc3 Rd8 34. Rcd1 b5 35. Kf2 b4 36. axb4 cxb4 37. Ne2 Bc7 38. d6 Bb6+ 39. Nd4 Qe5 40. Ke2 Bxd4 41. Rh1 Bb6 42. Rxh5 Qxh5 43. Rh1 Qb5+ 44. Kd2 Be3+ 45. Kc2 Rc8+ 46. Kb1 Qd3+ 47. Ka2 b3+ 48. Ka1 Qa6+ 49. Kb1 Qa2# 0-1

[Event "December 19 Early 2023"]
[Site "https://www.chess.com"]
[Date "2023.12.19"]
[Round "1"]
[White "Melian, Juan Sebastian"]
[Black "Jahnz, Fabian"]
[Result "1-0"]
[Board "185"]
[TimeControl "180+1"]
[WhiteFideId "3706575"]
[BlackFideId "4653300"]
[WhiteElo "2098"]
[BlackElo "2179"]
[WhiteTeam "PAR"]
[BlackTeam "GER"]
[WhiteClock "0:00:10"]
[BlackClock "0:00:18"]

1. e4 c6 2. d4 d5 3. exd5 cxd5 4. Bd3 Nf6 5. c3 Qc7 6. Ne2 Bg4 7. O-O e6 8. Qe1 Bd6 9. f3 Bh5 10. Qh4 O-O 11. Bg5 Nbd7 12. Nf4 Bxf4 13. Bxf4 Qb6 14. Rf2 Bg6 15. Bxg6 hxg6 16. g4 a6 17. Kg2 Qc6 18. Nd2 b5 19. Rc1 b4 20. c4 dxc4 21. Rxc4 Qb5 22. Bd6 Rfc8 23. Rxb4 Qa5 24. a3 Rc2 25. Nc4 Rxf2+ 26. Qxf2 Qg5 27. Qe3 Qh4 28. Bg3 Qh7 29. Rb7 Nd5 30. Qb3 Rd8 31. Rxd7 Re8 32. Rb7 Qh6 33. Rb8 Rxb8 34. Qxb8+ Kh7 35. f4 g5 36. Qe5 gxf4 37. Bf2 f3+ 38. Kxf3 Qh3+ 39. Qg3 Qf1 40. Qh4+ Kg8 41. Qd8+ Kh7 42. Ne3 Qd3 43. Qh4+ Kg8 44. Qd8+ Kh7 45. Qh4+ Kg8 46. g5 Qb3 47. Qe4 Nxe3 48. Qxe3 Qxb2 49. h4 Qb7+ 50. Kg3 Qd5 51. h5 Kh7 52. Be1 f6 53. g6+ Kg8 54. Qe2 Qg5+ 55. Qg4 Qe3+ 56. Kg2 Qxe1 57. d5 Qd2+ 58. Kf1 Qxd5 59. Qb4 Qf3+ 60. Kg1 Qg3+ 61. Kf1 Qc7 62. Qb3 Qd6 63. Qc4 Qd1+ 64. Kf2 Qd2+ 65. Kf1 Qd7 66. Qxa6 Kf8 67. Qa8+ Ke7 68. Qg8 Kd6 69. Kf2 e5 70. Qf8+ Kd5 71. Qf7+ Kd6 72. Qxd7+ Kxd7 73. h6 1-0

[Event "December 19 Early 2023"]
[Site "https://www.chess.com"]
[Date "2023.12.19"]
[Round "1"]
[White "Obon Temprano, Sergi"]
[Black "Rojas Alarcon, Julian Antonio"]
[Result "0-1"]
[Board "186"]
[TimeControl "180+1"]
[WhiteFideId "2226545"]
[BlackFideId "5107407"]
[WhiteElo "2135"]
[BlackElo "2340"]
[WhiteTeam "ESP"]
[BlackTeam "MEX"]
[WhiteClock "0:00:02"]
[BlackClock "0:00:08"]

1. d4 Nf6 2. Nf3 g6 3. c3 Bg7 4. Bg5 O-O 5. Nbd2 d6 6. e4 Nbd7 7. Bc4 e5 8. dxe5 dxe5 9. O-O c6 10. h3 Qc7 11. Qe2 b5 12. Bb3 Nc5 13. Rfd1 a5 14. a4 bxa4 15. Bxa4 Ba6 16. Qe3 Nxa4 17. Rxa4 Rfb8 18. Rb1 Nh5 19. b4 h6 20. Bxh6 Bxh6 21. Qxh6 Bd3 22. Rba1 c5 23. Rxa5 Rxa5 24. bxa5 Ra8 25. Ng5 Nf6 26. Ndf3 Bxe4 27. Nxe4 Nxe4 28. Qe3 f5 29. a6 Qb6 30. Nxe5 Rxa6 31. Rxa6 Qxa6 32. Qh6 Nxc3 33. Nxg6 Qf6 34. Qh5 Nd5 35. Nh4 Ne7 36. Nf3 c4 37. Ne1 c3 38. Qe2 Kf7 39. g3 Qd4 40. h4 Ng6 41. Qd3 Qe5 42. Nc2 Ne7 43. Ne3 Kg6 44. g4 Kf6 45. gxf5 Qc5 46. Ng4+ Kf7 47. Ne3 Nc6 48. h5 Ne5 49. Qe4 Kg7 50. Qh4 Kh7 51. Qf6 Nf3+ 52. Kg2 Ne1+ 53. Kg3 c2 54. Nxc2 Nxc2 55. Qg6+ Kh8 56. f6 Qc7+ 57. f4 Nd4 58. h6 Ne6 59. Kg4 Qxf4+ 60. Kh5 Qe5+ 61. Kg4 Qd4+ 62. Kh5 Nf4+ 63. Kg5 Nxg6 64. Kxg6 Qd7 65. f7 Qe7 66. h7 Qf8 67. Kf6 Kxh7 0-1

[Event "December 19 Early 2023"]
[Site "https://www.chess.com"]
[Date "2023.12.19"]
[Round "1"]
[White "Kokoszczynski, Jan"]
[Black "Barwinska, Ewa"]
[Result "1-0"]
[Board "187"]
[TimeControl "180+1"]
[WhiteFideId "1174460"]
[BlackFideId "21833761"]
[WhiteElo "2266"]
[BlackElo "1879"]
[WhiteTeam "POL"]
[BlackTeam "POL"]
[WhiteClock "0:00:05"]
[BlackClock "0:00:00"]

1. Nf3 c5 2. c4 Nc6 3. g3 g6 4. Bg2 Bg7 5. O-O Nh6 6. Nc3 Nf5 7. b3 O-O 8. Bb2 e6 9. e3 d5 10. cxd5 exd5 11. Rc1 d4 12. Na4 b6 13. exd4 Ba6 14. Re1 Ncxd4 15. g4 Nxf3+ 16. Qxf3 Bxb2 17. Nxb2 Qxd2 18. gxf5 Qxb2 19. f6 Rae8 20. Qf4 Rxe1+ 21. Rxe1 Rd8 22. Qd6 Qd4 23. Bd5 Rf8 24. Re7 Qg4+ 25. Kh1 Qd1+ 26. Kg2 Bf1+ 27. Kg3 Qd3+ 28. f3 Qf5 29. Bxf7+ Kh8 30. Re5 Qh3+ 31. Kf2 Qg2+ 32. Ke3 Qe2+ 33. Kf4 Qxh2+ 34. Ke3 Qe2+ 35. Kf4 Qh2+ 36. Ke4 Qe2+ 37. Kd5 Qd3+ 38. Kc6 Qxd6+ 39. Kxd6 Bb5 40. Ke7 Rc8 41. Be6 Rc7+ 42. Kd6 Rc8 43. Bxc8 Kg8 44. Be6+ Kf8 45. Bc4 1-0

[Event "December 19 Early 2023"]
[Site "https://www.chess.com"]
[Date "2023.12.19"]
[Round "1"]
[White "Vincenti, Leonardo"]
[Black "Sipila, Vilka"]
[Result "0-1"]
[Board "188"]
[TimeControl "180+1"]
[WhiteFideId "28550820"]
[BlackFideId "505455"]
[WhiteElo "2054"]
[BlackElo "2343"]
[WhiteTeam "ITA"]
[BlackTeam "FIN"]
[WhiteClock "0:00:08"]
[BlackClock "0:00:13"]

1. e4 c5 2. Nf3 e6 3. c4 Nc6 4. d4 cxd4 5. Nxd4 Nf6 6. Nc3 Bb4 7. Nxc6 bxc6 8. Bd3 e5 9. O-O O-O 10. Na4 d5 11. cxd5 cxd5 12. exd5 Qxd5 13. a3 Bb7 14. Bxh7+ Kxh7 15. Qxd5 Nxd5 16. axb4 Nxb4 17. Bd2 a5 18. Nc5 Bd5 19. Nd7 Rfe8 20. Nb6 Rab8 21. Bxb4 Rxb6 22. Bxa5 Rxb2 23. Bc3 Rc2 24. Rac1 Ra2 25. f3 e4 26. fxe4 Rxe4 27. Rf2 Ree2 28. Rcf1 Bc4 29. Rxe2 Rxe2 30. Rf2 Re3 31. Bd2 Rb3 32. h3 f6 33. Kh2 Rb2 34. Be3 Rb3 35. Bf4 g5 36. Bg3 Kg6 37. Bd6 Bd5 38. Bg3 f5 39. Bd6 f4 40. h4 Rb6 41. Bc7 Rb7 42. Bd8 gxh4 43. Rxf4 Rb2 44. Rg4+ Kf5 45. Rg7 Rb4 46. Rh7 Rg4 47. Rh5+ Ke6 48. Rxh4 Rxg2+ 49. Kh3 Rg1 50. Rg4 Rh1+ 51. Kg3 Kf5 52. Rf4+ Ke5 53. Bc7+ Ke6 54. Rf2 Rg1+ 55. Kf4 Rc1 56. Re2+ Kf7 57. Be5 Rc4+ 58. Kg3 Kg6 59. Bf4 Be4 60. Re3 Kf5 61. Re2 Rc3+ 62. Re3 Rc2 63. Bd6 Rg2+ 64. Kh3 Rg6 65. Bg3 Rh6+ 66. Bh4 Kf4 67. Re2 Bf5+ 68. Kg2 Rxh4 69. Rf2+ Kg4 70. Rb2 Be4+ 71. Kg1 Rh1+ 72. Kf2 Rh2+ 73. Ke3 Rxb2 74. Kxe4 Re2+ 75. Kd3 Kf3 76. Kd4 Re3 77. Kc4 Re4+ 78. Kd5 Kf4 79. Kc5 Kf5 80. Kd6 Rd4+ 81. Kc6 Ke5 82. Kb6 Rc4 83. Kb5 Kd5 84. Kb6 Rb4+ 85. Ka5 Kc5 86. Ka6 Kc6 87. Ka7 Rb3 88. Ka8 Kc7 89. Ka7 Ra3# 0-1

[Event "December 19 Early 2023"]
[Site "https://www.chess.com"]
[Date "2023.12.19"]
[Round "1"]
[White "Fishchuk, Vladyslav"]
[Black "Golubenko, Valentina"]
[Result "1-0"]
[Board "189"]
[TimeControl "180+1"]
[WhiteFideId "34122117"]
[BlackFideId "4501993"]
[WhiteElo "2055"]
[BlackElo "2126"]
[WhiteTeam "UKR"]
[BlackTeam "CRO"]
[WhiteClock "0:00:29"]
[BlackClock "0:00:16"]

1. Nc3 d5 2. e4 d4 3. Nce2 e5 4. Ng3 c5 5. Bc4 Nf6 6. Nf3 a6 7. Ng5 Be6 8. Nxe6 fxe6 9. Bxe6 Qd6 10. Bb3 b5 11. d3 Nbd7 12. a4 b4 13. O-O a5 14. f4 O-O-O 15. Nf5 Qb6 16. fxe5 Nxe5 17. Bf4 Ng6 18. Bg3 h5 19. Bf7 Ng4 20. c3 Ne7 21. cxd4 Nxf5 22. Rxf5 Ne3 23. Qf3 Nxf5 24. Qxf5+ Kb7 25. Bd5+ Rxd5 26. Qxd5+ Qc6 27. Qxc6+ Kxc6 28. d5+ Kd7 29. b3 Bd6 30. Rf1 h4 31. Bxd6 Kxd6 32. Rf7 Ke5 33. Kf2 Rg8 34. Ke3 g5 35. Rc7 Kd6 36. Rc6+ Ke5 37. Re6# 1-0

[Event "December 19 Early 2023"]
[Site "https://www.chess.com"]
[Date "2023.12.19"]
[Round "1"]
[White "Fernandez Hernandez, Gerardo"]
[Black "Iskusnyh, Sergei"]
[Result "0-1"]
[Board "190"]
[TimeControl "180+1"]
[WhiteFideId "2207400"]
[BlackFideId "4120027"]
[WhiteElo "2263"]
[BlackElo "2455"]
[WhiteTeam "ESP"]
[BlackTeam "RUS"]
[WhiteClock "0:00:08"]
[BlackClock "0:00:04"]

1. e4 e6 2. d3 c5 3. g3 Nc6 4. Bg2 g6 5. f4 Bg7 6. Nf3 Nge7 7. O-O d6 8. c3 Rb8 9. Be3 b5 10. d4 cxd4 11. cxd4 b4 12. Nbd2 O-O 13. Rc1 a5 14. Re1 Bd7 15. Bf2 d5 16. e5 Qb6 17. Nb3 Rfc8 18. Nc5 Be8 19. g4 Bh6 20. Qd2 a4 21. b3 axb3 22. axb3 Ra8 23. Bh4 Ra7 24. Bf6 Rca8 25. Na4 Qb8 26. g5 Bf8 27. h4 Na5 28. Nc5 Nec6 29. h5 Qb6 30. hxg6 fxg6 31. Nxe6 Nxb3 32. Qf2 Nxc1 33. Qh4 Nd3 34. Nxf8 Kxf8 35. Qh6+ Kg8 36. Qg7+ Rxg7 37. Bxg7 Kxg7 38. Rd1 Nxf4 39. Rf1 Ne2+ 40. Kh2 Ncxd4 41. Nh4 Qc7 42. Bxd5 Qxe5+ 43. Kh1 Qxd5+ 44. Kh2 Qe5+ 45. Kh1 Ng3+ 46. Kh2 Nxf1+ 47. Kg2 Bc6+ 48. Kh3 Ra3+ 49. Kg4 Qe4# 0-1

[Event "December 19 Early 2023"]
[Site "https://www.chess.com"]
[Date "2023.12.19"]
[Round "1"]
[White "Al-Tarboush, Ward"]
[Black "Deveci, Huseyin Said"]
[Result "1-0"]
[Board "191"]
[TimeControl "180+1"]
[WhiteFideId "7601450"]
[BlackFideId "26322455"]
[WhiteElo "2278"]
[BlackElo "1954"]
[WhiteTeam "NOR"]
[BlackTeam "TUR"]
[WhiteClock "0:00:02"]
[BlackClock "0:00:04"]

1. e4 c5 2. Nf3 e6 3. d4 cxd4 4. Nxd4 a6 5. Bd3 Bc5 6. Nb3 Ba7 7. Qe2 Nc6 8. Be3 Nf6 9. Nc3 O-O 10. Bxa7 Rxa7 11. g4 d5 12. e5 Nd7 13. O-O-O Ndxe5 14. f4 Nxd3+ 15. Rxd3 b5 16. Rh3 g6 17. g5 e5 18. Rd3 d4 19. Ne4 Bf5 20. Nf6+ Kg7 21. Rd2 exf4 22. Qf2 d3 23. Qxf4 Qc7 24. Qe3 Nb4 25. c3 Nxa2+ 26. Kb1 Nxc3+ 27. bxc3 Qxc3 28. Ka2 Be6 29. Rb1 Bc4 30. Ne4 Qa5+ 31. Kb2 Qc7 32. Qd4+ f6 33. Nxf6 Rd8 34. Qc3 Kf8 35. Rf2 Bf7 36. Nxh7+ Kg8 37. Nf6+ Kf8 38. Nc5 b4 39. Ncd7+ Rxd7 40. Nxd7+ Qxd7 41. Qh8+ Ke7 42. Re1+ Kd6 43. Qe5+ Kc6 44. Qf6+ Kb5 45. Re5+ Ka4 46. Rc5 d2 47. Rf1 d1=Q 48. Rxd1 Qxd1 49. Qc6# 1-0

[Event "December 19 Early 2023"]
[Site "https://www.chess.com"]
[Date "2023.12.19"]
[Round "1"]
[White "Fernandez Siles, Luis"]
[Black "Aswath, S"]
[Result "1-0"]
[Board "192"]
[TimeControl "180+1"]
[WhiteFideId "2209420"]
[BlackFideId "46694919"]
[WhiteElo "2195"]
[BlackElo "2138"]
[WhiteTeam "ESP"]
[BlackTeam "IND"]
[WhiteClock "0:00:15"]
[BlackClock "0:00:02"]

1. e4 c5 2. Nf3 d6 3. d4 cxd4 4. Nxd4 f6 5. Nc3 Nc6 6. Bc4 Nxd4 7. Qxd4 e6 8. Be3 Ne7 9. O-O-O Nc6 10. Qd2 Ne5 11. Bb3 Qc7 12. Qe2 a6 13. f4 Nc6 14. f5 Nd8 15. fxe6 Bxe6 16. Bxe6 Nxe6 17. Nd5 Qf7 18. Nb6 Rd8 19. Kb1 Be7 20. Rhf1 O-O 21. Rf5 Qe8 22. Rfd5 Qc6 23. Qc4 Kh8 24. R5d2 Nc7 25. Qb3 Nb5 26. Nd5 Rfe8 27. Bb6 Rc8 28. c3 Bf8 29. a4 Rxe4 30. axb5 axb5 31. Bd4 Ra8 32. Nxf6 gxf6 33. Bxf6+ Bg7 34. Qf7 Bxf6 35. Qxf6+ Kg8 36. Rxd6 Qc4 37. Rd8+ Re8 38. R8d4 Qa2+ 39. Kc2 Re2+ 40. Kd3 Ree8 41. Rg4# 1-0

[Event "December 19 Early 2023"]
[Site "https://www.chess.com"]
[Date "2023.12.19"]
[Round "1"]
[White "Manukyan, Sargis A."]
[Black "Floresvillar Gonzalez, Luis Migu"]
[Result "1-0"]
[Board "193"]
[TimeControl "180+1"]
[WhiteFideId "13303970"]
[BlackFideId "5100542"]
[WhiteElo "2186"]
[BlackElo "2040"]
[WhiteTeam "ARM"]
[BlackTeam "MEX"]
[WhiteClock "0:02:13"]
[BlackClock "0:00:22"]

1. d4 d5 2. c4 c6 3. Nc3 Nf6 4. e3 g6 5. Nf3 Bg7 6. cxd5 cxd5 7. Be2 O-O 8. O-O Bg4 9. Bd2 Bxf3 10. Bxf3 e6 11. Qb3 b6 12. Rfc1 Nbd7 13. Nb5 Ne4 14. Bxe4 dxe4 15. Nd6 Nf6 16. Nc4 Nd5 17. Bb4 Nxb4 18. Qxb4 Qd5 19. Qd6 Rfd8 20. Qxd5 exd5 21. Na3 Rac8 22. Nb5 a6 23. Na7 Rxc1+ 24. Rxc1 Bf8 25. Rc8 Be7 26. Nc6 Rxc8 27. Nxe7+ Kf8 28. Nxc8 b5 29. Nb6 Ke7 30. Nxd5+ Kd6 31. Nf6 h5 32. Nxe4+ Kd5 33. Nd2 f5 34. Kf1 f4 35. Ke2 a5 36. Kd3 fxe3 37. fxe3 a4 38. e4+ 1-0

[Event "December 19 Early 2023"]
[Site "https://www.chess.com"]
[Date "2023.12.19"]
[Round "1"]
[White "Rouast, Joseph"]
[Black "Trost, Edvin"]
[Result "0-1"]
[Board "194"]
[TimeControl "180+1"]
[WhiteFideId "45147000"]
[BlackFideId "1729519"]
[WhiteElo "2038"]
[BlackElo "2385"]
[WhiteTeam "FRA"]
[BlackTeam "SWE"]
[WhiteClock "0:02:25"]
[BlackClock "0:02:17"]

1. e4 c6 2. d4 d5 3. Nc3 g6 4. e5 Bg7 5. h4 f6 6. Nf3 Bg4 7. Be2 Bxf3 8. Bxf3 fxe5 9. dxe5 Bxe5 10. h5 Qd6 11. hxg6 hxg6 12. Rxh8 Bxh8 13. Bg5 Qe5+ 14. Qe2 Qxg5 0-1

[Event "December 19 Early 2023"]
[Site "https://www.chess.com"]
[Date "2023.12.19"]
[Round "1"]
[White "Novikov, Evgenij"]
[Black "Srivatsan Karthikeyan"]
[Result "1-0"]
[Board "195"]
[TimeControl "180+1"]
[WhiteFideId "4125380"]
[BlackFideId "25684248"]
[WhiteElo "2242"]
[BlackElo "1862"]
[WhiteTeam "RUS"]
[BlackTeam "IND"]
[WhiteClock "0:02:18"]
[BlackClock "0:00:00"]

1. d4 Nf6 2. c4 e6 3. Nc3 Bb4 4. e3 O-O 5. Ne2 d5 6. a3 Be7 7. Ng3 c5 8. cxd5 exd5 9. Be2 Nbd7 10. O-O Re8 11. Bf3 Nb6 12. dxc5 Bxc5 13. b4 Bf8 14. Bb2 Be6 15. Nb5 1-0

[Event "December 19 Early 2023"]
[Site "https://www.chess.com"]
[Date "2023.12.19"]
[Round "1"]
[White "Semenova, Alina"]
[Black "Shubenkova, Veronika"]
[Result "0-1"]
[Board "196"]
[TimeControl "180+1"]
[WhiteFideId "24113875"]
[BlackFideId "44124040"]
[WhiteElo "1827"]
[BlackElo "1967"]
[WhiteTeam "RUS"]
[BlackTeam "RUS"]
[WhiteClock "0:00:58"]
[BlackClock "0:01:31"]

1. e4 e6 2. d4 d5 3. exd5 exd5 4. Nf3 Nf6 5. Bd3 Bd6 6. Qe2+ Qe7 7. Qxe7+ Bxe7 8. O-O c6 9. Re1 Nbd7 10. Bg5 h6 11. Bh4 Kd8 12. Nbd2 b6 13. c3 Bd6 14. Bg3 Bxg3 15. hxg3 Bb7 16. a4 a5 17. Re2 Re8 18. Rae1 Ba6 19. Bxa6 Rxa6 20. Rxe8+ Nxe8 21. Kf1 b5 22. axb5 cxb5 23. Ne5 Nxe5 24. Rxe5 Nc7 25. Nb3 a4 26. Nc5 Ra7 27. g4 a3 28. bxa3 Rxa3 29. Re3 Ra2 30. g3 Rc2 31. Kg2 Rd2 32. Kf3 b4 33. Nb3 Rb2 34. cxb4 Ne6 35. b5 Rxb3 0-1

[Event "December 19 Early 2023"]
[Site "https://www.chess.com"]
[Date "2023.12.19"]
[Round "1"]
[White "Novoselov, Roman"]
[Black "Liu, Kelsey"]
[Result "1-0"]
[Board "197"]
[TimeControl "180+1"]
[WhiteFideId "4135067"]
[BlackFideId "30944481"]
[WhiteElo "2250"]
[BlackElo "2241"]
[WhiteTeam "RUS"]
[BlackTeam "USA"]
[WhiteClock "0:02:49"]
[BlackClock "0:02:28"]

1. e4 e5 2. Nf3 Nc6 3. Bc4 Bc5 4. O-O Nf6 5. d4 Bxd4 6. Nxd4 Nxd4 7. f4 d6 8. fxe5 Bg4 9. Qxd4 dxe5 10. Qxe5+ Kf8 11. Bg5 1-0

[Event "December 19 Early 2023"]
[Site "https://www.chess.com"]
[Date "2023.12.19"]
[Round "1"]
[White "Larina, Maria"]
[Black "Taboas Rodriguez, Daniel"]
[Result "0-1"]
[Board "198"]
[TimeControl "180+1"]
[WhiteFideId "24113182"]
[BlackFideId "2208466"]
[WhiteElo "1848"]
[BlackElo "2365"]
[WhiteTeam "FID"]
[BlackTeam "ESP"]
[WhiteClock "0:00:00"]
[BlackClock "0:00:16"]

1. e4 e5 2. Nf3 Nc6 3. Nc3 Nf6 4. Bb5 Bb4 5. O-O O-O 6. d3 d6 7. Ne2 Ne7 8. Ng3 c6 9. Ba4 Ng6 10. c3 Ba5 11. Re1 Bb6 12. h3 h6 13. d4 Re8 14. Bc2 Be6 15. Kh2 c5 16. d5 Bd7 17. c4 Ba5 18. Rf1 b5 19. b3 Bc3 20. Rb1 b4 21. Qd3 Qa5 22. Nf5 Qxa2 23. Nxd6 Rf8 24. Bd2 Bxd2 25. Qxd2 Qa5 26. Nf5 Rfe8 27. Rfe1 Qc7 28. Ra1 a5 29. Kg1 Nf4 30. Ng3 Qd6 31. Kh2 Ra6 32. Ng1 Rea8 33. N1e2 Nxe2 34. Nxe2 a4 35. bxa4 Bxa4 36. Bxa4 Rxa4 37. Rxa4 Rxa4 38. Rf1 Ra3 39. f3 Nh5 40. Qb2 Qf6 41. Kg1 Nf4 42. Nxf4 Qxf4 43. Re1 Qg3 44. Rf1 Rc3 45. Qd2 Rxc4 46. d6 Rd4 47. Qb2 Rxd6 48. Qc2 Rc6 49. Rd1 Qg5 50. Rd7 c4 51. Qd2 c3 0-1

[Event "December 19 Early 2023"]
[Site "https://www.chess.com"]
[Date "2023.12.19"]
[Round "1"]
[White "Souleidis, Georgios"]
[Black "Silvestre, Christian"]
[Result "1-0"]
[Board "199"]
[TimeControl "180+1"]
[WhiteFideId "4206827"]
[BlackFideId "30956269"]
[WhiteElo "2401"]
[BlackElo "2239"]
[WhiteTeam "GRE"]
[BlackTeam "USA"]
[WhiteClock "0:00:15"]
[BlackClock "0:00:49"]

1. e4 c5 2. Nf3 a6 3. g3 Nc6 4. Bg2 e6 5. O-O Qc7 6. c3 Nf6 7. Re1 d6 8. d4 cxd4 9. cxd4 Be7 10. Nc3 O-O 11. Bf4 Rd8 12. d5 Ne5 13. Rc1 Qb8 14. Nd4 Nc4 15. Qe2 b5 16. Nc6 Qc7 17. Nxd8 Qxd8 18. dxe6 Bxe6 19. Red1 Rc8 20. e5 Ne8 21. exd6 Ncxd6 22. Ne4 Rxc1 23. Bxc1 Qc8 24. Nxd6 Nxd6 25. b3 Bf8 26. Ba3 Nf5 27. Bxf8 Kxf8 28. Qd2 g6 29. Qd8+ Qxd8 30. Rxd8+ Ke7 31. Ra8 Nd4 32. Rxa6 b4 33. h3 Ne2+ 34. Kh2 Nc3 35. Bf1 Nd1 36. Kg1 Nc3 37. Bd3 Bxh3 38. Bc4 Bd7 39. Ra7 f5 40. Kf1 h5 41. Ke1 Kd6 42. Ra6+ Bc6 43. Bf7 g5 44. Be8 Kc5 45. Bxc6 Kd4 46. Be8 h4 47. gxh4 gxh4 48. Bd7 f4 49. Bg4 Ne4 50. Rb6 Ng5 51. Rxb4+ Ke5 52. Rb5+ Kf6 53. Rxg5 Kxg5 54. Bh3 f3 55. Kd1 Kf4 56. Kd2 Ke5 57. Ke3 Kd5 58. Kxf3 Kc5 59. Kg4 Kb4 60. Kxh4 Ka3 61. Be6 Kb4 62. Bc4 Kc5 63. Kg5 Kd6 64. f4 Ke7 65. f5 Kf8 66. Bf1 Ke8 67. f6 Kf8 68. Kg6 Ke8 69. b4 Kf8 70. a4 Kg8 71. b5 Kh8 72. a5 Kg8 73. b6 Kf8 74. Bb5 Kg8 75. b7 Kh8 76. b8=Q# 1-0

[Event "December 19 Early 2023"]
[Site "https://www.chess.com"]
[Date "2023.12.19"]
[Round "1"]
[White "De Souza, Cristiano Gomes"]
[Black "Kavyev, Ruslan"]
[Result "0-1"]
[Board "200"]
[TimeControl "180+1"]
[WhiteFideId "2151758"]
[BlackFideId "34110981"]
[WhiteElo "2068"]
[BlackElo "2336"]
[WhiteTeam "BRA"]
[BlackTeam "RUS"]
[WhiteClock "0:00:07"]
[BlackClock "0:00:50"]

1. d4 Nf6 2. c4 g6 3. Nc3 Bg7 4. e4 d6 5. Nf3 O-O 6. Be2 e5 7. O-O Nc6 8. d5 Ne7 9. Be3 Ng4 10. Bg5 h6 11. Bh4 g5 12. Bg3 f5 13. Nd2 Nf6 14. f3 f4 15. Bf2 h5 16. b4 Ng6 17. c5 Rf7 18. Nc4 Bf8 19. Rc1 g4 20. Qe1 Rg7 21. Kh1 g3 22. hxg3 fxg3 23. Bxg3 h4 24. Bh2 Nh5 25. Rf2 Ngf4 26. Bf1 Ng3+ 27. Kg1 h3 28. Ne2 Ngxe2+ 29. Bxe2 Nxg2 30. Qd2 Qh4 31. Bf1 Nf4+ 32. Kh1 Bd7 33. cxd6 cxd6 34. Ne3 Rc8 35. Rxc8 Bxc8 36. Bb5 a6 37. Ba4 b5 38. Bb3 Be7 39. Qe1 Ng2 40. Nxg2 Rxg2 41. Rxg2+ hxg2+ 42. Kxg2 Qxe1 0-1